 Dungeon Sprint DCSS version 0.18.1-50-g88ac8fd (webtiles) character file.

6 Nordron the Changer (level 1, -1/18 HPs)
             Began as a Naga Transmuter on Sept 30, 2016.
             Splashed by a jelly's acid (7 damage)
             ... in the Dungeon (Sprint IX: "|||||||||||||||||||||||||||||").
             The game lasted 00:01:23 (161 turns).

Nordron the Changer (Naga Transmuter)                Turns: 161, Time: 00:01:23

Health: -1/18      AC: -6    Str: 12    XL:     1   Next: 90%
Magic:  2/3        EV: 10    Int: 13    God:
Gold:   0          SH:  0    Dex: 11    Spells: 1 memorised, 3 levels left

rFire  . . .     SeeInvis +       - Unarmed
rCold  . . .     Gourm    .     b - +0 robe
rNeg   . . .     Faith    .     (no shield)
rPois  +         Spirit   .     (no helmet)
rElec  .         Dismiss  .     (no cloak)
rCorr  .         Reflect  .     (no gloves)
SustAt .         Harm     .     (no barding)
MR     .....     NoTele   +     (no amulet)
Stlth  +.........               (no ring)
                                (no ring)

@: short of breath, appendage, corroded, very slow, not resistant to hostile
enchantments, very unstealthy
A: horns 2, see invisible, deformed body, poison resistance, slowness 2, slow
metabolism 1, spit poison 2, AC +0
a: Spit Poison, End Transformation


You were in the Dungeon.
You were not hungry.
You had grown temporary horns.
You visited 1 branch

Inventory:

Missiles
 a - 12 arrows
Armour
 b - a +0 robe (worn)
Scrolls
 j - a scroll of blinking
Potions
 e - a potion of curing
 f - a potion of heal wounds
 g - a potion of haste
 h - 2 potions of magic
 i - a potion of berserk rage
Books
 c - a book of Changes

   Spells                             Type                      Level
   a - Beastly Appendage              Transmutation                1
   b - Sticks to Snakes               Transmutation                2
   c - Spider Form                    Transmutation/Poison         3
   d - Ice Form                       Ice/Transmutation            4
   e - Blade Hands                    Transmutation                5
Comestibles
 d - a bread ration
 k - 4 chunks of flesh


   Skills:
 - Level 1.0 Fighting
 - Level 1.5 Dodging
 - Level 3.0 Unarmed Combat
 - Level 2.0 Spellcasting
 * Level 4.1 Transmutations


You had 3 spell levels left.
You knew the following spells:

 Your Spells              Type           Power        Failure   Level  Hunger
a - Beastly Appendage     Trmt           ##....       6%          1    ##.....


Dungeon Overview and Level Annotations

Branches:
Dungeon (1/1)

Altars:


Innate Abilities, Weirdness & Mutations

You cannot wear boots.
Your serpentine skin is tough (AC +0).
You have supernaturally acute eyesight.
Armour fits poorly on your strangely shaped body.
Your system is resistant to poisons.
You cover ground very slowly.
You have a slow metabolism.
You can spit poison.
You have a pair of horns on your head.


Message History

You barely miss the giant cockroach zombie.
The giant cockroach zombie bites you but does no damage.
The jelly jiggles.
Unknown command.
You hit the giant cockroach zombie.
You destroy the giant cockroach zombie!
You can't do that yet.
You hit the jelly. The acid corrodes you!
Your hands burn!
The jelly is lightly wounded.
You hit the jelly.
Your hands burn!
The jelly is moderately wounded.
You have got your breath back.
The jelly closely misses you.
Press: ? - help, Shift-Dir - straight line, f - jelly
Aim: a jelly (moderately wounded)
The splash of poison hits the jelly.
The jelly completely resists.
The jelly is moderately wounded.
You feel slightly more hungry. The jelly hits you.
You are splashed with acid!
The acid corrodes you!
The acid burns!
You die... ▓▓▓▓▓▓▓▓▓▓▓▓▓▓▓▓▓▓ ▓<...))...@Jc5S..+ ▓▓▓▓▓▓▓▓▓▓▓▓▓▓▓▓▓▓

You could see a centaur, a jelly, a crimson imp and an adder.

Vanquished Creatures
  2 goblins (D)
  A hobgoblin (D)
  A giant cockroach zombie (D)
  A giant newt (D)
  A rat (D)
6 creatures vanquished.

Notes
Turn   | Place    | Note
--------------------------------------------------------------
     0 | D        | Nordron the Naga Transmuter began the quest for the Orb.
     0 | D        | Reached XP level 1. HP: 18/18 MP: 3/3
    16 | D        | Reached skill level 3 in Transmutations
    22 | D        | Reached skill level 4 in Transmutations
   152 | D        | Noticed a jelly
   152 | D        | Noticed a centaur
   152 | D        | Noticed a crimson imp
   161 | D        | Splashed by a jelly's acid

Skill      XL: |  1 |
---------------+----+-----
Transmutations | 4 |  4.1
Fighting       | |  1.0
Dodging        | |  1.5
Unarmed Combat | |  3.0
Spellcasting   | |  2.0

Action                   || total
-------------------------++-------
Melee: Unarmed           ||    20
       Headbutt          ||     1
 Cast: Beastly Appendage ||     3
 Abil: Spit Poison       ||     4
Armor: Robe              ||     1
Dodge: Dodged            ||    12
